TOP OF THE 1ST |
University of Georgia Bulldogs batting - Pitching for Oregon State University Beavers : RHP Sun-dong Pak
|
Pitching: RHP Sun-dong Pak
|
|
Batting: LHB Bryan Ross
|
0-0: Ball 1-0: Ground out 4-3 (Groundball, 4, EV 106.9 MPH)
|
Batting: RHB Justin Szymczyk
|
0-0: Ball 1-0: Called Strike 1-1: Fly out, F9 (Flyball, 9LS, EV 96.3 MPH)
|
Batting: LHB Sloan Rayner
|
0-0: SINGLE (Groundball, 6MD, EV 94.4 MPH)
|
Batting: LHB Cole Sanchez
|
0-0: Ball 1-0: Foul Ball, location: 7LDF 1-1: Fielders Choice at 2nd, U6 (Groundball, 6M, EV 105.0 MPH)
|
Top of the 1st over - 0 runs, 1 hit, 0 errors, 1 left on base; University of Georgia 0 - Oregon State University 0 |
BOTTOM OF THE 1ST |
Oregon State University Beavers batting - Pitching for University of Georgia Bulldogs : RHP Norbaer Oomen
|
Pitching: RHP Norbaer Oomen
|
|
Batting: LHB Pablo Fraga
|
0-0: Called Strike 0-1: Ball 1-1: Called Strike 1-2: Strikes out swinging
|
Batting: RHB Lionello Pancaldi
|
0-0: Foul Ball, location: 5F 0-1: Foul Ball, location: 25FF 0-2: Ball 1-2: Strikes out swinging
|
Batting: RHB Luis Flores
|
0-0: Ball 1-0: SOLO HOME RUN (Flyball, 7D, EV 98.1 MPH), Distance : 367 ft
|
Batting: RHB Rafael Ventura
|
0-0: Swinging Strike 0-1: Swinging Strike 0-2: Foul Ball, location: 2F 0-2: Ball 1-2: Foul Ball, location: 25FF 1-2: Ball 2-2: Strikes out looking
|
Bottom of the 1st over - 1 run, 1 hit, 0 errors, 0 left on base; University of Georgia 0 - Oregon State University 1 |
TOP OF THE 2ND |
University of Georgia Bulldogs batting - Pitching for Oregon State University Beavers : RHP Sun-dong Pak
|
Batting: RHB Javier Alcorta
|
0-0: Ball 1-0: Ball 2-0: Called Strike 2-1: Called Strike 2-2: Foul Ball, location: 9LDF 2-2: Strikes out swinging
|
Batting: LHB Andy Dyer
|
0-0: Ball 1-0: Ball 2-0: Swinging Strike 2-1: Foul Ball, location: 5F 2-2: Strikes out looking
|
Batting: RHB James Warby
|
0-0: Foul Ball, location: 7LDF 0-1: Ground out U3 (Groundball, 34S, EV 85.0 MPH)
|
Top of the 2nd over - 0 runs, 0 hits, 0 errors, 0 left on base; University of Georgia 0 - Oregon State University 1 |
BOTTOM OF THE 2ND |
Oregon State University Beavers batting - Pitching for University of Georgia Bulldogs : RHP Norbaer Oomen
|
Batting: SHB Jim Chute
|
0-0: Ball 1-0: Foul Ball, location: 2F 1-1: SINGLE (Flyball, 89S, EV 84.4 MPH)
|
Batting: LHB Jon Hamilton
|
0-0: Foul Ball, location: 2F 0-1: Swinging Strike 0-2: Strikes out swinging
|
Batting: LHB Brock Darby
|
0-0: Ball 1-0: Called Strike 1-1: Foul Ball, location: 7LSF 1-2: Strikes out looking
|
Batting: SHB Eric Robertson
|
0-0: Ball 1-0: Ball 2-0: Foul Ball, location: 7LMF 2-1: Foul Ball, location: 2F 2-2: Strikes out swinging
|
Bottom of the 2nd over - 0 runs, 1 hit, 0 errors, 1 left on base; University of Georgia 0 - Oregon State University 1 |
TOP OF THE 3RD |
University of Georgia Bulldogs batting - Pitching for Oregon State University Beavers : RHP Sun-dong Pak
|
Batting: LHB Edwin Zavala
|
0-0: Fly out, F8 (Line Drive, 8LS, EV 86.9 MPH)
|
Batting: LHB Luis Mejia
|
0-0: Called Strike 0-1: Ball 1-1: Ball 2-1: Called Strike 2-2: Ball 3-2: Foul Ball, location: 2F 3-2: Strikes out swinging
|
Batting: LHB Bryan Ross
|
0-0: Called Strike 0-1: Called Strike 0-2: Ball 1-2: Fly out, F5 (Popup, 6S, EV 84.4 MPH)
|
Top of the 3rd over - 0 runs, 0 hits, 0 errors, 0 left on base; University of Georgia 0 - Oregon State University 1 |
BOTTOM OF THE 3RD |
Oregon State University Beavers batting - Pitching for University of Georgia Bulldogs : RHP Norbaer Oomen
|
Batting: LHB Jason Trevarrow
|
0-0: Called Strike 0-1: Ball 1-1: Foul Ball, location: 9LSF 1-2: Foul Ball, location: 5F 1-2: Ball 2-2: Strikes out swinging
|
Batting: LHB Pablo Fraga
|
0-0: Called Strike 0-1: Called Strike 0-2: Ball 1-2: Foul Ball, location: 9LDF 1-2: Ball 2-2: Ground out 6-3 (Groundball, 56, EV 81.3 MPH)
|
Batting: RHB Lionello Pancaldi
|
0-0: Called Strike 0-1: Ball 1-1: Foul Ball, location: 9LDF 1-2: Foul Ball, location: 2RF 1-2: SINGLE (Line Drive, 6M, EV 103.8 MPH)
|
Batting: RHB Luis Flores
|
0-0: Ball 1-0: Called Strike 1-1: Foul Ball, location: 2F 1-2: Strikes out looking
|
Bottom of the 3rd over - 0 runs, 1 hit, 0 errors, 1 left on base; University of Georgia 0 - Oregon State University 1 |
TOP OF THE 4TH |
University of Georgia Bulldogs batting - Pitching for Oregon State University Beavers : RHP Sun-dong Pak
|
Batting: RHB Justin Szymczyk
|
0-0: Ball 1-0: Called Strike 1-1: Called Strike 1-2: Foul Ball, location: 5F 1-2: Strikes out swinging
|
Batting: LHB Sloan Rayner
|
0-0: Called Strike 0-1: Foul Ball, location: 2F 0-2: Ball 1-2: Fly out, F6 (Popup, 6S, EV 86.9 MPH)
|
Batting: LHB Cole Sanchez
|
0-0: Ball 1-0: Ball 2-0: Ball 3-0: Called Strike 3-1: Base on Balls
|
Batting: RHB Javier Alcorta
|
0-0: Called Strike 0-1: Swinging Strike 0-2: Ball 1-2: Ball 2-2: Strikes out swinging
|
Top of the 4th over - 0 runs, 0 hits, 0 errors, 1 left on base; University of Georgia 0 - Oregon State University 1 |
BOTTOM OF THE 4TH |
Oregon State University Beavers batting - Pitching for University of Georgia Bulldogs : RHP Norbaer Oomen
|
Batting: RHB Rafael Ventura
|
0-0: Called Strike 0-1: Called Strike 0-2: SINGLE (Line Drive, 8RS, EV 106.3 MPH)
|
Batting: SHB Jim Chute
|
0-0: Foul Ball, location: 9LDF 0-1: Swinging Strike 0-2: Ball 1-2: Ball 2-2: Foul Ball, location: 2F 2-2: Ball 3-2: Foul Ball, location: 2F 3-2: Strikes out swinging
|
Batting: LHB Jon Hamilton
|
0-0: Ball 1-0: Called Strike 1-1: Called Strike 1-2: Ball 2-2: Ball 3-2: Foul Ball, location: 3FF 3-2: Fly out, F8 (Flyball, 78M, EV 91.9 MPH)
|
Batting: LHB Brock Darby
|
0-0: Called Strike 0-1: Ball 1-1: Called Strike 1-2: Foul Ball, location: 2F 1-2: Foul Ball, location: 7LMF 1-2: Strikes out swinging
|
Bottom of the 4th over - 0 runs, 1 hit, 0 errors, 1 left on base; University of Georgia 0 - Oregon State University 1 |
TOP OF THE 5TH |
University of Georgia Bulldogs batting - Pitching for Oregon State University Beavers : RHP Sun-dong Pak
|
Batting: LHB Andy Dyer
|
0-0: Ball 1-0: Foul Ball, location: 2F 1-1: Swinging Strike 1-2: Ball 2-2: Foul Ball, location: 2F 2-2: Ground out 5-3 (Groundball, 56, EV 83.1 MPH)
|
Batting: RHB James Warby
|
0-0: Foul Ball, location: 7LSFF 0-1: Ball 1-1: Swinging Strike 1-2: Foul Ball, location: 3F 1-2: Foul Ball, location: 5FF 1-2: Ball 2-2: Ground out 5-3 (Groundball, 5, EV 87.5 MPH)
|
Batting: LHB Edwin Zavala
|
0-0: Ball 1-0: Foul Ball, location: 7LDF 1-1: Ball 2-1: Ball 3-1: Foul Ball, location: 3SF 3-2: Strikes out swinging
|
Top of the 5th over - 0 runs, 0 hits, 0 errors, 0 left on base; University of Georgia 0 - Oregon State University 1 |
BOTTOM OF THE 5TH |
Oregon State University Beavers batting - Pitching for University of Georgia Bulldogs : RHP Norbaer Oomen
|
Batting: SHB Eric Robertson
|
0-0: Called Strike 0-1: Ball 1-1: Ball 2-1: Swinging Strike 2-2: Strikes out looking
|
Pitching: LHP Cory Hartley
|
|
Batting: LHB Jason Trevarrow
|
0-0: Called Strike 0-1: Ball 1-1: Ball 2-1: Ball 3-1: Swinging Strike 3-2: SINGLE (Groundball, 4MD, EV 102.5 MPH)
|
Batting: LHB Pablo Fraga
|
0-0: Called Strike 0-1: Ball 1-1: Swinging Strike 1-2: Foul Ball, location: 23F 1-2: Strikes out swinging
|
Batting: RHB Lionello Pancaldi
|
0-0: Ball 1-0: Ground out 4-3 (Groundball, 4, EV 87.5 MPH)
|
Bottom of the 5th over - 0 runs, 1 hit, 0 errors, 1 left on base; University of Georgia 0 - Oregon State University 1 |
TOP OF THE 6TH |
University of Georgia Bulldogs batting - Pitching for Oregon State University Beavers : RHP Sun-dong Pak
|
Batting: LHB Luis Mejia
|
0-0: Foul Ball, location: 3FF 0-1: Foul Ball, location: 7LMF 0-2: Foul Ball, location: 2F 0-2: Ball 1-2: Ball 2-2: Ball 3-2: Strikes out swinging
|
Pitching: LHP Mark Sander
|
|
Batting: LHB Bryan Ross
|
0-0: Called Strike 0-1: Ball 1-1: Foul Ball, location: 23FF 1-2: Strikes out swinging
|
Batting: RHB Justin Szymczyk
|
0-0: Ball 1-0: Called Strike 1-1: Foul Ball, location: 5FF 1-2: Ground out U3 (Groundball, 34, EV 100.0 MPH)
|
Top of the 6th over - 0 runs, 0 hits, 0 errors, 0 left on base; University of Georgia 0 - Oregon State University 1 |
BOTTOM OF THE 6TH |
Oregon State University Beavers batting - Pitching for University of Georgia Bulldogs : LHP Cory Hartley
|
Batting: RHB Luis Flores
|
0-0: Ball 1-0: Ball 2-0: Ball 3-0: Called Strike 3-1: Called Strike 3-2: Foul Ball, location: 2F 3-2: Base on Balls
|
Batting: RHB Rafael Ventura
|
0-0: Ball 1-0: Ball 2-0: Swinging Strike 2-1: Ball 3-1: Base on Balls Luis Flores to second
|
Batting: SHB Jim Chute
|
0-0: Ball 1-0: Called Strike 1-1: Grounds into double play, 4-6-3 (Groundball, 34, EV 103.1 MPH) Luis Flores to third
|
Batting: LHB Jon Hamilton
|
0-0: Ball 1-0: Ball 2-0: Ball 3-0: Base on Balls
|
Batting: LHB Brock Darby
|
0-0: Swinging Strike 0-1: Ball 1-1: Fly out, F9 (Flyball, 89D, EV 98.1 MPH)
|
Bottom of the 6th over - 0 runs, 0 hits, 0 errors, 2 left on base; University of Georgia 0 - Oregon State University 1 |
TOP OF THE 7TH |
University of Georgia Bulldogs batting - Pitching for Oregon State University Beavers : LHP Mark Sander
|
Pitching: RHP Dave Lupkoski
|
|
Batting: LHB Sloan Rayner
|
0-0: SINGLE (Line Drive, 56, EV 96.3 MPH)
|
Batting: LHB Cole Sanchez
|
0-0: Ball 1-0: Ball 2-0: Ball 3-0: Called Strike 3-1: Foul Ball, location: 25F 3-2: Strikes out swinging
|
Batting: RHB Javier Alcorta
|
0-0: Ball 1-0: Foul Ball, location: 2F 1-1: Ground out 5-3 (Groundball, 5S, EV 62.5 MPH) Sloan Rayner to second
|
Batting: LHB Andy Dyer
|
0-0: Ball 1-0: Ball 2-0: SINGLE (Groundball, 56D, EV 97.5 MPH) Sloan Rayner to third
|
Batting: RHB James Warby
|
0-0: Ball 1-0: Called Strike 1-1: Swinging Strike 1-2: Foul Ball, location: 2F 1-2: Ball 2-2: Foul Ball, location: 9LSF 2-2: Foul Ball, location: 2F 2-2: Ball 3-2: Base on Balls Andy Dyer to second
|
Pinch Hitting: RHB Ed Howard
|
0-0: Foul Ball, location: 2F 0-1: Ball 1-1: Swinging Strike 1-2: Strikes out swinging
|
Top of the 7th over - 0 runs, 2 hits, 0 errors, 3 left on base; University of Georgia 0 - Oregon State University 1 |
BOTTOM OF THE 7TH |
Oregon State University Beavers batting - Pitching for University of Georgia Bulldogs : LHP Cory Hartley
|
Now in LF: Cole Sanchez
|
|
Now in CF: Bryan Ross
|
|
Now in RF: Ed Howard
|
|
Batting: SHB Eric Robertson
|
0-0: Foul Ball, location: 5FF 0-1: Foul Ball, location: 23F 0-2: SINGLE (Groundball, 6MD, EV 94.4 MPH)
|
Batting: LHB Jason Trevarrow
|
0-0: Foul Ball, location: 2F 0-1: Ball 1-1: Called Strike 1-2: Ball 2-2: Ball 3-2: Foul Ball, location: 23F 3-2: Foul Ball, location: 2F 3-2: Strikes out looking
|
Batting: LHB Pablo Fraga
|
0-0: Called Strike 0-1: Ball 1-1: Foul Ball, location: 2F 1-2: Ball 2-2: Strikes out swinging
|
Batting: RHB Lionello Pancaldi
|
0-0: Ball 1-0: Called Strike 1-1: Ball 2-1: Called Strike 2-2: Ball 3-2: Strikes out swinging
|
Bottom of the 7th over - 0 runs, 1 hit, 0 errors, 1 left on base; University of Georgia 0 - Oregon State University 1 |
TOP OF THE 8TH |
University of Georgia Bulldogs batting - Pitching for Oregon State University Beavers : RHP Dave Lupkoski
|
Pitching: RHP Henry DePetrillo
|
|
Batting: LHB Luis Mejia
|
0-0: Foul Ball, location: 5SF 0-1: Called Strike 0-2: Ball 1-2: Foul Ball, location: 3F 1-2: Strikes out looking
|
Batting: LHB Bryan Ross
|
0-0: Ball 1-0: Called Strike 1-1: Foul Ball, location: 7LSF 1-2: SINGLE (Groundball, 34D, EV 100.6 MPH)
|
Batting: RHB Justin Szymczyk
|
0-0: Called Strike 0-1: Sac Bunt to 2R - play at first, batter OUT! 2-3 Bryan Ross to second
|
Batting: LHB Sloan Rayner
|
0-0: Ground out 3-1 (Groundball, 34S, EV 78.1 MPH)
|
Top of the 8th over - 0 runs, 1 hit, 0 errors, 1 left on base; University of Georgia 0 - Oregon State University 1 |
BOTTOM OF THE 8TH |
Oregon State University Beavers batting - Pitching for University of Georgia Bulldogs : LHP Cory Hartley
|
Pitching: RHP Bill Maher
|
|
Batting: RHB Luis Flores
|
0-0: Foul Ball, location: 7LMF 0-1: Foul Ball, location: 3DF 0-2: Ball 1-2: Ball 2-2: Strikes out looking
|
Batting: RHB Rafael Ventura
|
0-0: Fly out, F4 (Line Drive, 4, EV 65.6 MPH)
|
Batting: SHB Jim Chute
|
0-0: Ball 1-0: Ball 2-0: Ball 3-0: Base on Balls
|
Batting: LHB Jon Hamilton
|
0-0: Ball 1-0: Foul Ball, location: 25FF 1-1: Foul Ball, location: 9LSFF 1-2: Ball 2-2: Strikes out swinging
|
Bottom of the 8th over - 0 runs, 0 hits, 0 errors, 1 left on base; University of Georgia 0 - Oregon State University 1 |
TOP OF THE 9TH |
University of Georgia Bulldogs batting - Pitching for Oregon State University Beavers : RHP Henry DePetrillo
|
Pitching: RHP Chris West
|
|
Batting: LHB Cole Sanchez
|
0-0: Called Strike 0-1: Foul Ball, location: 7LDF 0-2: Foul Ball, location: 2F 0-2: Foul Ball, location: 3DF 0-2: Ball 1-2: Foul Ball, location: 7LMF 1-2: Strikes out swinging, 2-3 out at first.
|
Pinch Hitting: RHB Joe Strong
|
0-0: Ball 1-0: Ball 2-0: Swinging Strike 2-1: Ball 3-1: Swinging Strike 3-2: Strikes out looking
|
Batting: LHB Andy Dyer
|
0-0: Called Strike 0-1: Swinging Strike 0-2: Ball 1-2: Fly out, F7 (Flyball, 7, EV 90.6 MPH)
|
Top of the 9th over - 0 runs, 0 hits, 0 errors, 0 left on base; University of Georgia 0 - Oregon State University 1 |
|